 Dungeon Crawl Stone Soup version 0.31.0-12-g77e489cdc1 (webtiles) character file.

Game seed: 9114958501723124284

35 hawla the Ducker (level 3, -2/33 HPs)
             Began as a Minotaur Monk on Feb 11, 2024.
             Slain by a gnoll
             ... wielding a +0 halberd
              (7 damage)
             ... on level 2 of the Dungeon.
             The game lasted 00:01:53 (722 turns).

hawla the Ducker (Minotaur Monk)                     Turns: 722, Time: 00:01:53

Health: -2/33      AC:  2    Str: 15    XL:     3   Next: 17%
Magic:  2/2        EV: 13    Int:  7    God:
Gold:   37         SH:  0    Dex: 14    Spells: 2/2 levels left

rFire   . . .        a - +0 falchion
rCold   . . .        d - orb {light}
rNeg    . . .        b - +0 robe
rPois   .            (helmet restricted)
rElec   .            (no cloak)
rCorr   .            (no gloves)
SInv    .            (no boots)
Will    .....        (no amulet)
Stlth   +            (no ring)
HPRegen 0.25/turn    (no ring)
MPRegen 0.08/turn

%: no passive effects
@: hasted, glowing, very quick
A: horns 2, retaliatory headbutt
a: no special abilities


You were on level 2 of the Dungeon.
You visited 1 branch of the dungeon, and saw 2 of its levels.

You collected 37 gold pieces.

Inventory:

Hand Weapons
 a - a +0 falchion (weapon)
Missiles
 i - 3 curare-tipped darts (quivered)
Armour
 b - a +0 robe (worn)
 d - an orb of light (worn)
Potions
 c - a potion of ambrosia
 l - a potion of degeneration {unknown}


   Skills:
 - Level 4.0 Fighting
 - Level 3.6 Long Blades
 + Level 4.5 Dodging


You had 2 spell levels left.
You didn't know any spells.
Your spell library was empty.

Dungeon Overview and Level Annotations

Branches:
Dungeon (2/15)

Altars:


Innate Abilities, Weirdness & Mutations

You have a pair of horns on your head.
You reflexively headbutt those who attack you in melee.


Message History

You feel sick. The adder bites you.
You hit the adder. You headbutt the adder.
You kill the adder!
You feel sick.
You have reached level 3!
Your experience leads to an increase in your attributes!
Increase (S)trength, (I)ntelligence, or (D)exterity?
You feel agile. x2
A gnoll comes into view. It is wielding a +0 halberd.
You feel sick.
You are no longer poisoned.
The gnoll shouts!
The endoplasm hits you but does no damage.
You hit the endoplasm but do no damage. The endoplasm barely misses you.
A gnoll comes into view. It is wielding a +0 whip.
Unknown command.
The gnoll shouts!
You hit the endoplasm.
You kill the endoplasm!
The gnoll barely misses you. The gnoll hits you with a +0 halberd.
You slash the gnoll!
You headbutt the gnoll, but do no damage.
The gnoll is heavily wounded.
The gnoll barely misses you.
You hit the gnoll. Your headbutt misses the gnoll.
The gnoll is severely wounded.
The gnoll hits you with a +0 whip. The gnoll hits you with a +0 halberd.
You hit the gnoll.
The gnoll is severely wounded.
The gnoll hits you with a +0 whip.
A gnoll comes into view. It is wielding a +0 spear.
The gnoll hits you with a +0 halberd!
* * * LOW HITPOINT WARNING * * *
Unknown command.
It was a potion of haste.
You feel yourself speed up.
The gnoll shouts!
The gnoll hits you but does no damage.
The gnoll hits you from afar with a +0 halberd!
You die...

**,,,***,#...#.# *###<**,,,,,,,,+
****** *,#...#.#*#..,,,,,*****,**
* #,#.........#*,**,*****,**
*******#.#...#.##..#*,**,**,,,,,,
*,,,,,,,....)..##..#*,,,,,,,**,**
*,*****,**#......".####*,*****,**
*,*****.###.#...†....|.,,,,,,,,**
,,,,,,,.$.........#####**********
,,,,,**.#####...@.## * *,*,,**,*
#......g#****** *,,,,,,,*
#..?..g.......* *,*,,****
*#.#...........* ,,,,,**
#....##..#.##..*
,,,,,,****#..####..#.g#,.*
*****,**,....,,,...#*.#,,*
*,**,...,,,*#..#*,#,,*
*,**,..,,,,*#...,,,,,*


You could see 3 gnolls.

Vanquished Creatures
  An adder (D:2)
  A dart slug (D:1)
  2 bats (D:1)
  An endoplasm (D:2)
  A giant cockroach (D:1)
  2 goblins (D:1)
  4 hobgoblins (D:1)
  2 jackals (D:1)
  2 ball pythons (D:1)
  2 frilled lizards (D:1)
  4 kobolds (D:1)
22 creatures vanquished.

Notes
Turn   | Place    | Note
-------+----------+-------------------------------------------
     0 | D:1      | hawla the Minotaur Monk began the quest for the Orb.
     0 | D:1      | Reached XP level 1. HP: 19/19 MP: 0/0
   169 | D:1      | Reached XP level 2. HP: 27/27 MP: 1/1
   712 | D:2      | Reached XP level 3. HP: 25/33 MP: 2/2
   722 | D:2      | Slain by a gnoll

Illustrated notes

Levels and vault maps discovered:
D:1:      giann_forest_graveyard, layout_loops_ring, st_stairs_11
D:2:      layout_loops_cross, hellmonk_ecumenical_altar_slurped_away

Skill      XL: |  1  2 |
---------------+-------+-----
Fighting       | 4 |  4.0
Dodging        | 4 |  4.5
Long Blades    | |  3.6

Action                     || total
---------------------------++-------
  Melee: Falchion          ||    44
         Headbutt          ||     6
    Use: Scroll            ||     5
         Potion            ||     1
 Armour: Robe              ||    26
  Dodge: Dodged            ||    31
